 Dungeon Sprint DCSS version 0.28-a0-1518-gbe868bca14 (webtiles) character file.

Game seed: 10251312101756981492

137 Edwards80 the Cudgeller (level 5, -4/78 HPs)
             Began as a Minotaur Berserker on Jan 16, 2022.
             Was a Priest of Trog.
             Slain by an iguana (10 damage)
             ... in the Dungeon (Sprint IX: "|||||||||||||||||||||||||||||").
             The game lasted 00:00:29 (37 turns).

Edwards80 the Cudgeller (Minotaur Berserker)          Turns: 37, Time: 00:00:30

Health: -4/78      AC:  2    Str: 24    XL:     5   Next: 0%
Magic:  4/4        EV: 13    Int:  4    God:    Trog [***...]
Gold:   0          SH:  0    Dex:  9    Spells: 4/4 levels left

rFire   . . .      SeeInvis .   a - +0 mace
rCold   . . .      Faith    .   (no shield)
rNeg    . . .      Spirit   .   b - +0 animal skin
rPois   .          Reflect  .   (helmet restricted)
rElec   .          Harm     .   (no cloak)
rCorr   .          Rampage  .   (no gloves)
Will    .....      NoTele   +   (no boots)
Stlth   ..........              (no amulet)
HPRegen 0.23/turn               (no ring)
MPRegen 0.09/turn               (no ring)

@: berserking (expiring), very quick
A: horns 2, retaliatory headbutt
a: Renounce Religion, Berserk, Trog's Hand


You were in the Dungeon.
You worshipped Trog.
Trog was most pleased with you.
You visited 1 branch

Inventory:

Hand Weapons
 a - a +0 mace (weapon)
Armour
 b - a +0 animal skin (worn)
Scrolls
 h - a scroll of blinking
Potions
 c - a potion of curing
 d - a potion of heal wounds
 e - a potion of haste
 f - 2 potions of magic
 g - a potion of berserk rage


   Skills:
 + Level 7.0 Fighting
 + Level 7.0 Maces & Flails
 + Level 6.3 Armour
 + Level 5.8 Dodging


You had 4 spell levels left.
You didn't know any spells.
Your spell library was empty.

Dungeon Overview and Level Annotations

Branches:
Dungeon (1/1)

Altars:


Innate Abilities, Weirdness & Mutations

You have a pair of horns on your head.
You reflexively headbutt those who attack you in melee.


Message History

* * * LOW HITPOINT WARNING * * *
You sock the phantom!
You destroy the phantom!
Trog accepts your kill.
Your Fighting skill gained 2 levels and is now at level 6!
Your Maces & Flails skill gained 2 levels and is now at level 6!
Your Armour skill gained 2 levels and is now at level 5!
Your Dodging skill gained 2 levels and is now at level 4!
You have reached level 2!
You have reached level 3!
Your experience leads to an increase in your attributes!
Increase (S)trength, (I)ntelligence, or (D)exterity?
You feel stronger. x2
You have reached level 4!
You feel stronger.
Okay, then.
You barely miss the gnoll shaman. Your headbutt misses the gnoll shaman.
You hit the gnoll shaman.
The gnoll shaman is moderately wounded.
The gnoll shaman hits you with a +0 whip.
* * * LOW HITPOINT WARNING * * *
You sock the gnoll shaman!
You kill the gnoll shaman!
Trog accepts your kill.
Your Dodging skill increases to level 5!
You sock the hound!
The hound is severely wounded.
The hound barely misses you.
You hit the hound.
The hound is almost dead.
The hound barely misses you.
You thump the hound!
You kill the hound!
Trog accepts your kill.
Your Fighting skill increases to level 7!
Your Maces & Flails skill increases to level 7!
Your Armour skill increases to level 6!
You have reached level 5!
You closely miss the iguana. The iguana bites you!
You die...

▓+▓
▓.▓
▓.▓
▓.▓
▓.▓
▓Z▓
▓l▓
▓@▓
▓.▓
▓.▓
▓.▓
▓.▓
▓)▓
▓.▓
▓.▓
▓.▓


You could see an iguana and a ball python zombie.

Vanquished Creatures
  A phantom (D)
  A hound (D)
  A gnoll shaman (D)
  2 goblins (D)
  A hobgoblin (D)
  A ball python (D)
  A bat (D)
8 creatures vanquished.

Notes
Turn   | Place    | Note
-------+----------+-------------------------------------------
     0 | D        | Edwards80 the Minotaur Berserker began the quest for the
                  | Orb.
     0 | D        | Reached XP level 1. HP: 19/19 MP: 0/0
     7 | D        | Reached ** piety under Trog
    18 | D        | Noticed an iguana
    18 | D        | Noticed a hound
    18 | D        | Noticed a gnoll shaman
    18 | D        | Noticed a phantom
    30 | D        | Killed a phantom
    31 | D        | Reached skill level 5 in Armour
    31 | D        | Reached XP level 2. HP: 6/30 MP: 1/1
    31 | D        | Reached XP level 3. HP: 8/37 MP: 2/2
    31 | D        | Reached XP level 4. HP: 9/44 MP: 3/3
    33 | D        | Reached *** piety under Trog
    34 | D        | Reached skill level 5 in Dodging
    37 | D        | Reached XP level 5. HP: 6/52 MP: 4/4
    37 | D        | Slain by an iguana

Illustrated notes

Levels and vault maps discovered:
D:        linesprint [early_d, line_temple, items_1, d_10, items_2, lair_1,
          lair_end, items_3, orc_1, orc_end, items_4, d_15, swamp_1, shoals_1,
          snake_1, spider_1, d_20, vaults_1, items_5, swamp_end, shoals_end,
          snake_end, spider_end, vaults_end, d_27, items_6, zot_1, zot_end,
          crypt_end, forest_end, elf_end, slime_end, tomb_end, abyss_end,
          pan_hell_end]

Skill      XL: |  1  2  3  4 |
---------------+-------------+-----
Fighting       | 6 7 |  7.0
Maces & Flails | 6 7 |  7.0
Armour         | 5 6 |  6.3
Dodging        | 4 5 |  5.8

Action                   |  1- 3 |  4- 6 || total
-------------------------+-------+-------++-------
Melee: Mace              |    19 |     7 ||    26
       Headbutt          |     1 |       ||     1
Invok: Berserk           |     1 |       ||     1
Armor: Animal skin       |     3 |       ||     3
Dodge: Dodged            |     9 |     2 ||    11

Table legend: (Time is in decaauts)
 A = Elapsed time spent in this place.
 B = Non-inter-level travel time spent in this place.
 C = Inter-level travel time spent in this place.
 D = Time resting spent in this place.
 E = Time spent auto-exploring this place.
 F = Levels seen in this place.
 G = Mean time per level.
                   A        B        C        D        E       F      G
               +--------+--------+--------+--------+--------+-----+--------+
         Total |     36 |     36 |      0 |      0 |      3 |   1 |   36.0 |
       Dungeon |     36 |     36 |      0 |      0 |      3 |   1 |   36.0 |
               +--------+--------+--------+--------+--------+-----+--------+

Top non-repeatable levels by time:
       D: 36 daAuts
